 Dungeon Crawl Stone Soup version 0.24.0-1-gfbc8707 (webtiles) character file.

Game seed: 15695820473941903730, levelgen mode: deterministic

1019 Faca the Magician (level 8, -4/63 HPs)
             Began as a Gnoll Wanderer on Oct 31, 2019.
             Killed by nerve-wracking pain
             ... invoked by an orc priest
              (13 damage)
             ... on level 5 of the Dungeon.
             The game lasted 00:13:44 (5623 turns).

Faca the Magician (Gnoll Wanderer)                  Turns: 5623, Time: 00:13:46

Health: -4/63      AC:  6    Str: 18    XL:     8   Next: 22%
Magic:  16/16      EV: 12    Int: 14    God:
Gold:   179        SH: 11    Dex: 14    Spells: 18/18 levels left

rFire    + . .     SeeInvis .   r - +1 trident (vamp)
rCold    . . .     Gourm    .   k - +1 shield
rNeg     . . .     Faith    .   c - +0 ring mail
rPois    .         Spirit   .   o - +0 helmet
rElec    .         Reflect  .   (no cloak)
rCorr    .         Harm     .   (no gloves)
MR       .....                  (no boots)
Stlth    ++........             (no amulet)
HPRegen  0.20/turn              u - ring of protection from fire
MPRegen  0.15/turn              (no ring)

@: no status effects
A: distributed training, fangs 1, strong nose
a: no special abilities


You were on level 5 of the Dungeon.
You were very hungry.

You visited 1 branch of the dungeon, and saw 5 of its levels.

You collected 179 gold pieces.

Inventory:

Hand Weapons
 r - a +1 vampiric trident (weapon)
Missiles
 s - 2 boomerangs (quivered)
Armour
 c - a +0 ring mail (worn)
 k - a +1 shield (worn)
 o - a +0 helmet (worn)
Jewellery
 u - a ring of protection from fire (left hand)
Scrolls
 a - 3 scrolls of remove curse {unknown}
 b - 2 scrolls of blinking
 e - a scroll of enchant weapon {unknown}
 g - 2 scrolls of teleportation
 j - a scroll of identify
 m - 2 scrolls of enchant armour
Potions
 h - a potion of lignification {unknown}
 i - a potion of haste
 l - a potion of invisibility {unknown}
 p - a potion of heal wounds {unknown}
 q - 2 potions of flight {unknown}
 t - a potion of might
 v - a potion of cancellation {unknown}
Comestibles
 f - 10 rations


   Skills:
 + Level 5.5 Fighting
 + Level 3.0 Short Blades
 + Level 3.0 Long Blades
 + Level 3.0 Axes
 + Level 3.0 Maces & Flails
 + Level 3.0 Polearms
 + Level 3.0 Staves
 + Level 3.0 Slings
 + Level 3.0 Bows
 + Level 3.0 Crossbows
 + Level 3.0 Throwing
 + Level 3.0 Armour
 + Level 5.5 Dodging
 + Level 3.9 Stealth
 + Level 5.5 Shields
 + Level 3.0 Unarmed Combat
 + Level 5.9 Spellcasting
 + Level 3.3 Conjurations
 + Level 2.4 Hexes
 + Level 2.4 Charms
 + Level 2.4 Summonings
 + Level 2.4 Necromancy
 + Level 2.4 Translocations
 + Level 2.4 Transmutations
 + Level 2.4 Fire Magic
 + Level 2.4 Ice Magic
 + Level 2.4 Air Magic
 + Level 2.4 Earth Magic
 + Level 2.4 Poison Magic
 + Level 3.3 Invocations
 + Level 3.0 Evocations


You had 18 spell levels left.
You didn't know any spells.
Your spell library was empty.

Dungeon Overview and Level Annotations

Branches:
Dungeon (5/15)
 Temple: D:4-7

Altars:
Cheibriados
Dithmenos
Elyvilon
Makhleb
Sif Muna
Wu Jian
Yredelemnul
Zin

Shops:
D:4 }   D:5 *


Innate Abilities, Weirdness & Mutations

Your experience applies equally to all skills.
You have very sharp teeth.
Your uncanny sense of smell can sniff out nearby items.


Message History

You are too injured to fight recklessly!
You puncture the orc priest!
You kill the orc priest!
The orc priest hits you. You block the orc priest's attack.
You hit the orc priest but do no damage.
The orc priest hits you but does no damage. x2
Your shield prevents you from hitting the orc priest.
The orc priest mumbles some strange prayers to Beogh against you.
Beogh smites you!
* * * LOW HITPOINT WARNING * * *
You block the orc priest's attack. The orc priest hits you.
* * * LOW HITPOINT WARNING * * *
You completely miss the orc priest. You block the orc priest's attack.
You hit the orc priest.
You feel better.
The orc priest is moderately wounded.
The orc priest hits you but does no damage.
The orc closely misses you.
The orc priest invokes the aid of Beogh against you.
Pain shoots through your body!
You die...

....#.#..................#.#.#
#.
.##.....#................#.#.#
#.
.##.....######....#.####.#.#<#
#. ........# #....#.# #.....#
#. ###.....# #....#.# #.#.###
#. #..)..# #....#.# #.#.#####.
#####.### #......# #.........
..∩)).# ##...########.######
####### ##@o.....# #.###### #
#o#####.# #....... .o.
######## ..... ....#..
.#....... ∆ .......>.##
#.##.#.# .#


You could see 2 orc priests and an orc.

Vanquished Creatures
  Grinder (D:3)
  A black bear (D:5)
  3 ogres
  A scorpion (D:5)
  2 orc priests (D:5)
  Ijyb (D:3)
  An orc wizard (D:5)
  4 worker ants
  A killer bee zombie (D:4)
  A hound zombie (D:5)
  Robin (D:2)
  A howler monkey zombie (D:5)
  5 adders
  A howler monkey skeleton (D:5)
  A shadow imp (D:4)
  An ooze (D:2)
  2 worms (D:2)
  5 leopard geckos
  5 orcs
  9 bats
  3 giant cockroaches
  14 goblins
  10 hobgoblins
  7 jackals
  4 quokkas
  2 frilled lizards
  5 kobolds
  A leopard gecko skeleton (D:4)
  8 rats
101 creatures vanquished.

Notes
Turn   | Place    | Note
-------+----------+-------------------------------------------
     0 | D:1      | Faca the Gnoll Wanderer began the quest for the Orb.
     0 | D:1      | Faca set off with the following items: a +2 dagger, a
                  | scroll of blinking, a +0 quarterstaff, a +0 spear, a +0
                  | robe, a ration
     0 | D:1      | Reached XP level 1. HP: 20/20 MP: 6/6
    89 | D:1      | Reached XP level 2. HP: 23/26 MP: 7/7
   639 | D:2      | Reached XP level 3. HP: 29/31 MP: 9/9
   669 | D:2      | Noticed Robin
   670 | D:2      | Reached skill level 5 in Spellcasting
   947 | D:1      | Reached skill level 1 in Invocations
  1088 | D:2      | Killed Robin
  1088 | D:2      | Reached skill level 1 in Short Blades
  1088 | D:2      | Reached skill level 1 in Long Blades
  1088 | D:2      | Reached skill level 1 in Axes
  1088 | D:2      | Reached skill level 1 in Maces & Flails
  1088 | D:2      | Reached skill level 1 in Polearms
  1088 | D:2      | Reached skill level 1 in Staves
  1088 | D:2      | Reached skill level 1 in Slings
  1088 | D:2      | Reached skill level 1 in Bows
  1088 | D:2      | Reached skill level 1 in Crossbows
  1088 | D:2      | Reached skill level 1 in Throwing
  1088 | D:2      | Reached skill level 1 in Armour
  1088 | D:2      | Reached skill level 1 in Unarmed Combat
  1088 | D:2      | Reached skill level 1 in Evocations
  1275 | D:2      | Reached XP level 4. HP: 22/38 MP: 11/11
  1450 | D:2      | Found a basalt altar of Yredelemnul.
  1451 | D:2      | Found a shimmering blue altar of Sif Muna.
  1943 | D:3      | Noticed Grinder
  2047 | D:3      | Noticed Ijyb
  2076 | D:3      | Reached skill level 1 in Hexes
  2076 | D:3      | Reached skill level 1 in Charms
  2076 | D:3      | Reached skill level 1 in Summonings
  2076 | D:3      | Reached skill level 1 in Necromancy
  2076 | D:3      | Reached skill level 1 in Translocations
  2076 | D:3      | Reached skill level 1 in Transmutations
  2076 | D:3      | Reached skill level 1 in Fire Magic
  2076 | D:3      | Reached skill level 1 in Ice Magic
  2076 | D:3      | Reached skill level 1 in Air Magic
  2076 | D:3      | Reached skill level 1 in Earth Magic
  2076 | D:3      | Reached skill level 1 in Poison Magic
  2143 | D:3      | Killed Ijyb
  2143 | D:3      | Reached XP level 5. HP: 22/43 MP: 12/12
  2320 | D:3      | Found a burning altar of Makhleb.
  2649 | D:3      | Paralysed by Grinder for 7 turns
  2658 | D:3      | Killed Grinder
  2658 | D:3      | Reached skill level 5 in Fighting
  2658 | D:3      | Reached skill level 5 in Dodging
  2658 | D:3      | Reached skill level 5 in Shields
  2658 | D:3      | Reached XP level 6. HP: 39/51 MP: 14/14
  2919 | D:3      | Found an ornate altar of the Wu Jian Council.
  3348 | D:4      | Found Sewn's Gadget Shoppe.
  3409 | D:4      | Found a white marble altar of Elyvilon.
  3450 | D:4      | Found a shadowy altar of Dithmenos.
  3511 | D:4      | Reached XP level 7. HP: 49/56 MP: 15/15
  3663 | D:4      | Found a glowing silver altar of Zin.
  3864 | D:5      | Entered Level 5 of the Dungeon
  3882 | D:5      | Found Adefrom's General Store.
  4136 | D:5      | Found a snail-covered altar of Cheibriados.
  4842 | D:5      | Reached XP level 8. HP: 34/63 MP: 16/16
  5623 | D:5      | Killed from afar by an orc priest

Levels and vault maps discovered:
D:1:      saegor_arrival_under_anarchy, layout_basic
D:2:      layout_loops_cross, chequers_temple_overflow_statue_of_worship,
          first_ration, uniq_robin
D:3:      layout_basic, bloody_makhleb, overflow_temple_1_default, fountainhead,
          minmay_misc_feat_cross, uniq_grinder, uniq_ijyb
D:4:      layout_cave_pools, elyvilon_altar_5, zin_academy, serial_shops, shop,
          serial_glass, glass_columns_a, glass_columns_b,
          grunt_dithmenos_shadows
D:5:      layout_loops_cross, overflow_temple_1_default, serial_shops, shop,
          uniq_eustachio

Skill      XL: |  1  2  3  4  5  6  7  8 |
---------------+-------------------------+-----
Conjurations   | 2 3 |  3.3
Spellcasting   | 5 |  5.9
Invocations    | 1 2 3 |  3.3
Short Blades   | 1 2 3 |  3.0
Long Blades    | 1 2 3 |  3.0
Axes           | 1 2 3 |  3.0
Maces & Flails | 1 2 3 |  3.0
Polearms       | 1 2 3 |  3.0
Staves         | 1 2 3 |  3.0
Slings         | 1 2 3 |  3.0
Bows           | 1 2 3 |  3.0
Crossbows      | 1 2 3 |  3.0
Throwing       | 1 2 3 |  3.0
Armour         | 1 2 3 |  3.0
Unarmed Combat | 1 2 3 |  3.0
Evocations     | 1 2 3 |  3.0
Hexes          | 1 2 |  2.4
Charms         | 1 2 |  2.4
Summonings     | 1 2 |  2.4
Necromancy     | 1 2 |  2.4
Translocations | 1 2 |  2.4
Transmutations | 1 2 |  2.4
Fire Magic     | 1 2 |  2.4
Ice Magic      | 1 2 |  2.4
Air Magic      | 1 2 |  2.4
Earth Magic    | 1 2 |  2.4
Poison Magic   | 1 2 |  2.4
Fighting       | 5 |  5.5
Dodging        | 5 |  5.5
Stealth        | 3 |  3.9
Shields        | 5 |  5.5

Action                   |  1- 3 |  4- 6 |  7- 9 || total
-------------------------+-------+-------+-------++-------
Melee: Dagger            |   139 |   338 |   180 ||   657
       Bite              |    16 |    47 |    39 ||   102
       Trident           |       |       |    33 ||    33
Throw: Boomerang         |       |     8 |     8 ||    16
Evoke: Wand              |       |     4 |       ||     4
  Use: Scroll            |       |     7 |     1 ||     8
       Potion            |       |       |     4 ||     4
 Stab: Sleeping          |       |     1 |     2 ||     3
  Eat: Chunk             |     1 |     7 |     6 ||    14
Armor: Ring mail         |    33 |    63 |    25 ||   121
Dodge: Dodged            |    46 |    88 |    56 ||   190
Block: Shield            |    37 |   107 |    67 ||   211
